SAA
LONG ISLAND SEAWOLVES @ IRVING BLUE SOX
06/24/2030
 
TOP OF THE 1ST
Long Island Seawolves batting - Pitching for Irving Blue Sox : RHP Joel Farrell
Pitching: RHP Joel Farrell
Batting: RHB Abad Lugo 0-0: Called Strike
0-1: Ball
1-1: Fly out, F9 (Flyball, 9S)
Batting: RHB Jeff MacCamie 0-0: Swinging Strike
0-1: Foul Ball, location: 2F
0-2: Ball
1-2: Ball
2-2: Ball
3-2: Foul Ball, location: 2F
3-2: Base on Balls
Batting: LHB Jackson Curry 0-0: Ball
1-0: Called Strike
1-1: Ball
2-1: Swinging Strike
2-2: Foul Ball, location: 2F
2-2: Strikes out swinging
Batting: LHB Pedro Colón 0-0: Ball
1-0: Ball
2-0: Foul Ball, location: 2F
2-1: Fly out, F9 (Flyball, 89M)
Top of the 1st over - 0 runs, 0 hits, 0 errors, 1 left on base; Long Island 0 - Irving 0
BOTTOM OF THE 1ST
Irving Blue Sox batting - Pitching for Long Island Seawolves : LHP Jamey Crockett
Pitching: LHP Jamey Crockett
Batting: RHB Cisco Hernández 0-0: Ball
1-0: Foul Ball, location: 2F
1-1: SINGLE (Groundball, 23) (infield hit)
Batting: RHB Tom Boyer 0-0: Called Strike
0-1: Ball
1-1: Swinging Strike
1-2: Foul Ball, location: 2F
1-2: Strikes out swinging
Batting: LHB Bartolo Soto 0-0: Ball
1-0: Fly out, F4 (Popup, 4MD)
Batting: RHB Scott Donlan 0-0: Ball
1-0: Ball
2-0: Ball
3-0: Base on Balls
Cisco Hernández to second
Batting: LHB Myron Rosenbalm 0-0: Ball
1-0: SINGLE (Flyball, 89S)
Cisco Hernández to third
Scott Donlan to second
Runner from 3rd tries for Home, SAFE, no throw
Batting: RHB Carlos Ramírez 0-0: Fielders Choice at 2nd, 5-4 (Groundball, 56)
Bottom of the 1st over - 1 run, 2 hits, 0 errors, 2 left on base; Long Island 0 - Irving 1
TOP OF THE 2ND
Long Island Seawolves batting - Pitching for Irving Blue Sox : RHP Joel Farrell
Batting: RHB Rob McGinnity 0-0: Ball
1-0: Fly out, F8 (Line Drive, 8RXD)
Batting: RHB Armando Rey 0-0: Ball
1-0: Ball
2-0: Called Strike
2-1: Foul Ball, location: 2F
2-2: Ball
3-2: Foul Ball, location: 2F
3-2: Strikes out swinging
Batting: RHB Ricardo Pulido 0-0: Called Strike
0-1: Ball
1-1: Ball
2-1: Called Strike
2-2: SINGLE (Groundball, 56S) (infield hit)
Batting: RHB Dale Quick 0-0: Ball
1-0: Fielders Choice at 2nd, 5-4 (Groundball, 56)
Top of the 2nd over - 0 runs, 1 hit, 0 errors, 1 left on base; Long Island 0 - Irving 1
BOTTOM OF THE 2ND
Irving Blue Sox batting - Pitching for Long Island Seawolves : LHP Jamey Crockett
Batting: RHB Scotty Smalls 0-0: SINGLE (Line Drive, 4MD)
Batting: RHB Sung-min Pae 0-0: Ball
1-0: Foul Ball, location: 2F
1-1: Grounds into double play, 5-4-3 (Groundball, 5L)
Batting: RHB Luis Jelarde 0-0: Called Strike
0-1: Ball
1-1: Ball
2-1: Fly out, F8 (Flyball, 8LXD)
Bottom of the 2nd over - 0 runs, 1 hit, 0 errors, 0 left on base; Long Island 0 - Irving 1
TOP OF THE 3RD
Long Island Seawolves batting - Pitching for Irving Blue Sox : RHP Joel Farrell
Batting: LHB Greg Watkins 0-0: Ball
1-0: Called Strike
1-1: Swinging Strike
1-2: Strikes out swinging
Batting: RHB Abad Lugo 0-0: Ball
1-0: Ball
2-0: Called Strike
2-1: Ball
3-1: Foul Ball, location: 2F
3-2: Strikes out looking
Batting: RHB Jeff MacCamie 0-0: Called Strike
0-1: Ground out 5-3 (Groundball, 56S)
Top of the 3rd over - 0 runs, 0 hits, 0 errors, 0 left on base; Long Island 0 - Irving 1
BOTTOM OF THE 3RD
Irving Blue Sox batting - Pitching for Long Island Seawolves : LHP Jamey Crockett
Batting: RHB Cisco Hernández 0-0: SINGLE (Line Drive, 89S)
Batting: RHB Tom Boyer 0-0: Ball
1-0: Foul Ball, location: 2F
1-1: Called Strike
1-2: Ball
2-2: Foul Ball, location: 2F
2-2: Foul Ball, location: 2F
2-2: Ball
3-2: Foul Ball, location: 2F
3-2: Foul Ball, location: 2F
3-2: Base on Balls
Cisco Hernández to second
Batting: LHB Bartolo Soto 0-0: Fielders Choice at 2nd, 3-6 (Groundball, 3)
Cisco Hernández to third
Batting: RHB Scott Donlan 0-0: Foul Ball, location: 2F
0-1: Foul Ball, location: 2F
Pickoff Throw to First - Out!
0-2: Ball
1-2: Foul Ball, location: 2F
1-2: Foul Ball, location: 2F
1-2: Ground out 6-3 (Groundball, 6)
Bottom of the 3rd over - 0 runs, 1 hit, 0 errors, 1 left on base; Long Island 0 - Irving 1
TOP OF THE 4TH
Long Island Seawolves batting - Pitching for Irving Blue Sox : RHP Joel Farrell
Batting: LHB Jackson Curry 0-0: Called Strike
0-1: Ball
1-1: Called Strike
1-2: Ball
2-2: Strikes out swinging
Batting: LHB Pedro Colón 0-0: Ball
1-0: Called Strike
1-1: Called Strike
1-2: Foul Ball, location: 2F
1-2: Ball
2-2: Ball
3-2: Base on Balls
Batting: RHB Rob McGinnity 0-0: SINGLE (Groundball, 6) (infield hit)
Pedro Colón to second
Batting: RHB Armando Rey 0-0: Swinging Strike
0-1: Called Strike
0-2: Strikes out swinging
Batting: RHB Ricardo Pulido 0-0: Ball
1-0: Ball
2-0: DOUBLE (Line Drive, 7LM)
Pedro Colón scores
Rob McGinnity to third
Batting: RHB Dale Quick 0-0: Ball
1-0: Ball
2-0: Ball
3-0: Called Strike
3-1: Base on Balls
Batting: LHB Greg Watkins 0-0: Fielders Choice at 2nd, U6 (Groundball, 6M)
Top of the 4th over - 1 run, 2 hits, 0 errors, 3 left on base; Long Island 1 - Irving 1
BOTTOM OF THE 4TH
Irving Blue Sox batting - Pitching for Long Island Seawolves : LHP Jamey Crockett
Batting: LHB Myron Rosenbalm 0-0: Called Strike
0-1: Called Strike
0-2: Foul Ball, location: 2F
0-2: Fly out, F6 (Popup, 6S)
Batting: RHB Carlos Ramírez 0-0: Ball
1-0: Ground out 5-3 (Groundball, 5)
Batting: RHB Scotty Smalls 0-0: Foul Ball, location: 2F
0-1: Foul Ball, location: 2F
0-2: Foul Ball, location: 2F
0-2: Ball
1-2: Ball
2-2: Ball
3-2: Foul Ball, location: 2F
3-2: Strikes out swinging
Bottom of the 4th over - 0 runs, 0 hits, 0 errors, 0 left on base; Long Island 1 - Irving 1
TOP OF THE 5TH
Long Island Seawolves batting - Pitching for Irving Blue Sox : RHP Joel Farrell
Batting: RHB Abad Lugo 0-0: Ball
1-0: Ground out 6-3 (Groundball, 6)
Batting: RHB Jeff MacCamie 0-0: SINGLE (Flyball, 9LS)
Batting: LHB Jackson Curry 0-0: Ball
1-0: Ball
2-0: Ball
3-0: Base on Balls
Jeff MacCamie to second
Batting: LHB Pedro Colón 0-0: Swinging Strike
0-1: Grounds into double play, 4-6-3 (Groundball, 4)
Top of the 5th over - 0 runs, 1 hit, 0 errors, 1 left on base; Long Island 1 - Irving 1
BOTTOM OF THE 5TH
Irving Blue Sox batting - Pitching for Long Island Seawolves : LHP Jamey Crockett
Batting: RHB Sung-min Pae 0-0: Fly out, F9 (Line Drive, 9D)
Batting: RHB Luis Jelarde 0-0: Called Strike
0-1: Fly out, F7 (Flyball, 78M)
Batting: RHB Cisco Hernández 0-0: Ball
1-0: Ball
2-0: Ball
3-0: Called Strike
3-1: Swinging Strike
3-2: Foul Ball, location: 2F
3-2: Strikes out swinging
Bottom of the 5th over - 0 runs, 0 hits, 0 errors, 0 left on base; Long Island 1 - Irving 1
TOP OF THE 6TH
Long Island Seawolves batting - Pitching for Irving Blue Sox : RHP Joel Farrell
Batting: RHB Rob McGinnity 0-0: Ball
1-0: Called Strike
1-1: Called Strike
1-2: Ball
2-2: Ball
3-2: Fly out, F9 (Flyball, 9S)
Batting: RHB Armando Rey 0-0: Ball
1-0: Called Strike
1-1: Called Strike
1-2: Ball
2-2: Ball
3-2: Base on Balls
Batting: RHB Ricardo Pulido 0-0: Ball
1-0: Called Strike
1-1: Ball
2-1: SINGLE (Groundball, 34D)
Armando Rey to second
Runner from 2nd tries for 3rd, SAFE, no throw
Batting: RHB Dale Quick 0-0: Ball
1-0: Foul Ball, location: 2F
1-1: Called Strike
1-2: Ball
2-2: Ball
3-2: Strikes out looking
Batting: LHB Greg Watkins 0-0: Ball
1-0: Called Strike
1-1: Ball
2-1: SINGLE (Groundball, 34D)
Armando Rey scores
Ricardo Pulido to second
Runner from 2nd tries for 3rd, SAFE, no throw
Batting: RHB Abad Lugo 0-0: Called Strike
0-1: Ball
1-1: Foul Ball, location: 2F
1-2: SINGLE (Line Drive, 56D)
Ricardo Pulido scores
Greg Watkins to second
Batting: RHB Jeff MacCamie 0-0: Called Strike
0-1: Called Strike
0-2: Foul Ball, location: 2F
0-2: Ground out 3-1 (Groundball, 34)
Top of the 6th over - 2 runs, 3 hits, 0 errors, 2 left on base; Long Island 3 - Irving 1
BOTTOM OF THE 6TH
Irving Blue Sox batting - Pitching for Long Island Seawolves : LHP Jamey Crockett
Batting: RHB Tom Boyer 0-0: Foul Ball, location: 2F
0-1: Ball
1-1: Ball
2-1: Ground out U3 (Groundball, 34)
Batting: LHB Bartolo Soto 0-0: Ball
1-0: Ground out 4-3 (Groundball, 4)
Batting: RHB Scott Donlan 0-0: Ground out 5-3 (Groundball, 5L)
Bottom of the 6th over - 0 runs, 0 hits, 0 errors, 0 left on base; Long Island 3 - Irving 1
TOP OF THE 7TH
Long Island Seawolves batting - Pitching for Irving Blue Sox : RHP Joel Farrell
Batting: LHB Jackson Curry 0-0: Fly out, F8 (Flyball, 8LS)
Batting: LHB Pedro Colón 0-0: Ball
1-0: Foul Ball, location: 2F
1-1: Ball
2-1: Ball
3-1: Base on Balls
Pitching: RHP Pedro Adame
Batting: RHB Rob McGinnity 0-0: Called Strike
0-1: Ball
1-1: Ball
2-1: Swinging Strike
2-2: Grounds into double play, 5-4-3 (Groundball, 5)
Top of the 7th over - 0 runs, 0 hits, 0 errors, 0 left on base; Long Island 3 - Irving 1
BOTTOM OF THE 7TH
Irving Blue Sox batting - Pitching for Long Island Seawolves : LHP Jamey Crockett
Batting: LHB Myron Rosenbalm 0-0: Fly out, F8 (Line Drive, 78D)
Batting: RHB Carlos Ramírez 0-0: Foul Ball, location: 2F
0-1: Ball
1-1: SINGLE (Groundball, 6MD)
Batting: RHB Scotty Smalls 0-0: Ball
1-0: Ball
2-0: Foul Ball, location: 2F
2-1: Swinging Strike
2-2: Foul Ball, location: 2F
2-2: Ball
3-2: Foul Ball, location: 2F
3-2: Fielders Choice at 2nd, 1-6 (Groundball, P)
Batting: RHB Sung-min Pae 0-0: Called Strike
0-1: Ball
1-1: Ground out 1-3 (Groundball, 13S)
Bottom of the 7th over - 0 runs, 1 hit, 0 errors, 1 left on base; Long Island 3 - Irving 1
TOP OF THE 8TH
Long Island Seawolves batting - Pitching for Irving Blue Sox : RHP Pedro Adame
Batting: RHB Armando Rey 0-0: Called Strike
0-1: Ball
1-1: Called Strike
1-2: Ball
2-2: Ball
3-2: Foul Ball, location: 2F
3-2: Ground out 4-3 (Groundball, 34)
Batting: RHB Ricardo Pulido 0-0: Ball
1-0: Called Strike
1-1: Foul Ball, location: 2F
1-2: Foul Ball, location: 2F
1-2: Strikes out looking
Batting: RHB Dale Quick 0-0: Called Strike
0-1: Swinging Strike
0-2: Strikes out swinging
Top of the 8th over - 0 runs, 0 hits, 0 errors, 0 left on base; Long Island 3 - Irving 1
BOTTOM OF THE 8TH
Irving Blue Sox batting - Pitching for Long Island Seawolves : LHP Jamey Crockett
Batting: RHB Luis Jelarde 0-0: Called Strike
0-1: Foul Ball, location: 2F
0-2: SINGLE (Line Drive, 7LM)
Batting: RHB Cisco Hernández 0-0: Called Strike
0-1: Ball
1-1: Ball
2-1: SINGLE (Line Drive, 7S)
Luis Jelarde to second
Batting: RHB Tom Boyer 0-0: Foul Ball, location: 2F
0-1: Swinging Strike
0-2: Ball
1-2: Fielders Choice at 2nd, 5-4 (Groundball, 5)
Luis Jelarde to third
Batting: LHB Bartolo Soto 0-0: Foul Ball, location: 2F
0-1: Called Strike
0-2: Ball
1-2: DOUBLE (Line Drive, 5D)
Luis Jelarde scores
Tom Boyer to third
Runner from 3rd tries for Home, SAFE, no throw
Batting: RHB Scott Donlan 0-0: Intentional Walk
Batting: LHB Myron Rosenbalm 0-0: Ball
1-0: DOUBLE (Groundball, 3L)
Bartolo Soto scores
Scott Donlan to third
Batting: RHB Carlos Ramírez 0-0: Fly out, F9 (Flyball, 89M)
Runner from 3rd tags up, OUT at HOME
Bottom of the 8th over - 3 runs, 4 hits, 0 errors, 1 left on base; Long Island 3 - Irving 4
TOP OF THE 9TH
Long Island Seawolves batting - Pitching for Irving Blue Sox : RHP Pedro Adame
Pitching: RHP Rich McLean
Now at 1B: Armando Becerra
Batting: LHB Greg Watkins 0-0: Ground out 5-3 (Groundball, 5)
Batting: RHB Abad Lugo 0-0: Ball
1-0: Fly out, F9 (Flyball, 9D)
Batting: RHB Jeff MacCamie 0-0: Ball
1-0: Ball
2-0: Called Strike
2-1: Ball
3-1: Ground out 5-3 (Groundball, 5)
Top of the 9th over - 0 runs, 0 hits, 0 errors, 0 left on base; Long Island 3 - Irving 4
Sunday, March 18th, 2018 - OOTP Baseball 18.8 Build 76